 Dungeon Crawl Stone Soup version 0.17-a0-1435-geafbe2f (webtiles) character file.

1031 Fizybubbleh the Scholar of Death (level 8, -1/52 HPs)
             Began as a Mummy Necromancer on June 26, 2015.
             Was a Follower of Kikubaaqudgha.
             Shot with an arrow by a centaur (11 damage)
             ... on level 5 of the Dungeon on June 27, 2015.
             The game lasted 00:31:00 (8345 turns).

Fizybubbleh the Scholar of Death (MuNe)             Turns: 8345, Time: 00:31:00

Health: -1/52      AC:  3    Str: 11    XL:     8   Next: 3%
Magic:  9/12       EV: 12    Int: 16    God:    Kikubaaqudgha [*.....]
Gold:   310        SH:  0    Dex: 13    Spells: 4 memorised, 1 level left

rFire  x . .     SeeInvis .     g - +1 short sword (speed)
rCold  + . .     Clarity  .     a - +0 robe
rNeg   + + +     SustAt   .     (no shield)
rPois  ∞         Gourm    .     (no helmet)
rElec  .         Spirit   .     (no cloak)
rCorr  .         Warding  .     (no gloves)
rMut   .         Stasis   .     r - +0 pair of boots
MR     +....                    (no amulet)
Stlth  ++........               h - ring of wizardry
                                (no ring)

@: somewhat resistant to hostile enchantments, unstealthy
A: no food or potions, fire vulnerability, cold resistance 1, negative energy
resistance 3, torment resistance, unbreathing
a: Receive Corpses, Renounce Religion


You were on level 5 of the Dungeon.
You worshipped Kikubaaqudgha.
Kikubaaqudgha was aware of your devotion.
You were not hungry.

You visited 2 branches of the dungeon, and saw 7 of its levels.

You collected 310 gold pieces.

Inventory:

Hand weapons
 c - a +0 short sword
 g - a +1 short sword of speed (weapon)
Armour
 a - a +0 robe (worn)
 p - the +1 ring mail of Mick {Dex+4, unknown}
   (You found it on level 5 of the Dungeon)

   It affects your dexterity (+4).
 r - a +0 pair of boots (worn)
Jewellery
 h - a ring of wizardry (right hand)
Scrolls
 d - 2 scrolls of enchant armour {unknown}
 e - 2 scrolls of remove curse
 f - 2 scrolls of fear
 i - a scroll of amnesia {unknown}
 j - 5 scrolls of identify {unknown}
 k - a scroll of recharging {unknown}
 l - 2 scrolls of teleportation {unknown}
 m - a scroll of random uselessness {unknown}
 o - 2 scrolls of enchant weapon {unknown}
 q - a scroll of blinking {unknown}
 t - a scroll of fog {unknown}
 u - a scroll of immolation {unknown}
Books
 b - a book of Necromancy

   Spells                             Type                      Level
   a - Pain                           Necromancy                   1
   b - Animate Skeleton               Necromancy                   1
   c - Vampiric Draining              Necromancy                   3
   d - Regeneration                   Charms/Necromancy            3
   e - Animate Dead                   Necromancy                   4
   f - Control Undead                 Necromancy                   4
 n - the Compendium of Attacks and Feathers
   (You found it on level 5 of the Dungeon)

   Spells                             Type                      Level
   a - Shock                          Conjuration/Air              1
   b - Mephitic Cloud                 Conjuration/Poison/Air       3
   c - Lightning Bolt                 Conjuration/Air              5
   d - Silence                        Hexes/Air                    5
   e - Bolt of Fire                   Conjuration/Fire             6
 s - Kikubaaqudgha's Collected Works on Darkness
   (Kikubaaqudgha gifted it to you on level 5 of the Dungeon)

   Spells                             Type                      Level
   a - Animate Skeleton               Necromancy                   1
   b - Pain                           Necromancy                   1
   c - Corpse Rot                     Necromancy                   2
   d - Vampiric Draining              Necromancy                   3
   e - Control Undead                 Necromancy                   4


   Skills:
 - Level 1.5 Dodging
 - Level 1.5 Stealth
 - Level 3.0 Spellcasting
 + Level 9.8 Necromancy


You had one spell level left.
You knew the following spells:

 Your Spells              Type           Power        Failure   Level  Hunger
a - Pain                  Necr           ####         1%          1    N/A
b - Vampiric Draining     Necr           ####......   1%          3    N/A
c - Animate Dead          Necr           N/A          1%          4    N/A
d - Control Undead        Necr           ####......   1%          4    N/A

Dungeon Overview and Level Annotations

Branches:
Dungeon (6/15)             Temple (1/1) D:4

Altars:
Ashenzari
Cheibriados
Dithmenos
Elyvilon
Fedhas
Gozag
Kikubaaqudgha
Makhleb
Nemelex Xobeh
Okawaru
Qazlal
Ru
Trog
Vehumet
Xom
Yredelemnul
Zin
The Shining One

Shops:
D:5 :

Annotations:
D:4 exclusions: door and phantom


Innate Abilities, Weirdness & Mutations

You do not eat or drink.
Your flesh is vulnerable to fire.
You are immune to poison.
Your flesh is cold resistant.
You are immune to negative energy.
You are immune to unholy pain and torment.
You can survive without breathing.


Message History

The centaur shoots an arrow.
The arrow closely misses you.
The centaur shoots an arrow.
The arrow hits you.
You see here 2 arrows.
You take 5 damage, and have 27/52 hp.
As you open the door, it creaks loudly!
The centaur shoots an arrow.
The arrow hits you!
You take 10 damage, and have 17/52 hp.
The centaur shoots an arrow.
The arrow hits you!
* * * LOW HITPOINT WARNING * * *
There is an open door here.
You see here an arrow.
You take 8 damage, and have 9/52 hp.
The centaur shoots an arrow.
The arrow hits your centaur skeleton!
The centaur shoots an arrow.
The arrow hits your centaur skeleton!
There is an open door here.
The centaur shoots an arrow.
The arrow hits your centaur skeleton!
Your centaur skeleton is destroyed!
The centaur shoots an arrow.
The arrow hits you!
You die...
Kikubaaqudgha rasps: "You have failed me!
Welcome... oblivion!"

........#..##.###..#......##'###.
........#..........#......#......
........#..........#......'......
........'..........#...>c.#......
........#..........'(.(...#......
........##'###.###.#((....###.###
....#####..###.###.##c#.....#.##.
....# #....'....'(...#.....#..'.
##### #....#...@#....'.....'..#.
#....#....#!...#.....#..#.
########'##..####..#.....#..#.
#.....#..##..####'##.....##'#.
#.....#...)........#.....#..'.
#.....'............'.....'..#.
#.....#............#.....#..#.
####.....#............#.....#..'.
...#.....#..##...###'##.....#..#.


You could see a centaur.

Vanquished Creatures
  A sky beast (D:5)
  2 ogres
  A scorpion (D:5)
  A killer bee (D:6)
  A crimson imp (D:5)
  A centaur zombie (D:6)
  6 orc wizards
  2 orc priests
  2 centaur skeletons
  An iguana (D:4)
  Natasha (D:4)
  3 worker ants
  A hound zombie (D:6)
  6 adders
  3 oozes
  3 worms
  15 orcs
  A bat zombie (D:6)
  3 giant cockroaches
  16 goblins
  15 hobgoblins
  6 jackals
  9 kobolds
  8 quokkas
  A ball python (D:4)
  13 bats
  A giant gecko skeleton (D:4)
  A giant gecko zombie (D:6)
  6 giant newts
  A jackal zombie (D:5)
  9 rats
140 creatures vanquished.

Notes
Turn   | Place    | Note
--------------------------------------------------------------
     0 | D:1      | Fizybubbleh the Mummy Necromancer began the quest for the Orb.
     0 | D:1      | Reached XP level 1. HP: 13/13 MP: 3/3
   485 | D:1      | Reached XP level 2. HP: 19/19 MP: 1/5
  1278 | D:1      | Reached skill level 5 in Necromancy
  1280 | D:1      | Reached XP level 3. HP: 24/24 MP: 3/6
  1346 | D:1      | Learned a level 3 spell: Vampiric Draining
  1932 | D:2      | Found a bloodstained altar of Trog.
  2212 | D:2      | Found a basalt altar of Yredelemnul.
  2669 | D:2      | Reached XP level 4. HP: 30/30 MP: 6/8
  2902 | D:2      | Learned a level 4 spell: Animate Dead
  3679 | D:3      | Reached skill level 6 in Necromancy
  3679 | D:3      | Reached XP level 5. HP: 35/35 MP: 2/9
  3949 | D:4      | Noticed an ogre
  4093 | D:4      | Noticed a phantom
  4971 | D:4      | Reached skill level 7 in Necromancy
  4971 | D:4      | Reached XP level 6. HP: 14/41 MP: 0/10
  5268 | D:4      | Noticed Natasha
  5271 | D:4      | Killed Natasha
  5298 | D:4      | Found a glowing golden altar of the Shining One.
  5298 | D:4      | Found a snail-covered altar of Cheibriados.
  5310 | D:4      | Found a sacrificial altar of Ru.
  5313 | D:4      | Found a blossoming altar of Fedhas.
  5328 | D:4      | Found a staircase to the Ecumenical Temple.
  5334 | Temple   | Entered the Ecumenical Temple
  5690 | D:4      | Killed an ogre
  6260 | Temple   | Became a worshipper of Kikubaaqudgha
  6306 | D:5      | Entered Level 5 of the Dungeon
  6351 | D:5      | Reached skill level 8 in Necromancy
  6351 | D:5      | Reached XP level 7. HP: 31/46 MP: 0/11
  6442 | D:5      | Identified the Compendium of Attacks and Feathers
  6540 | D:5      | Got a dazzling ring mail
  6682 | D:5      | Learned a level 4 spell: Control Undead
  6779 | D:5      | Found Fizoni's Book Shoppe.
  7026 | D:5      | Acquired Kikubaaqudgha's first power
  7026 | D:5      | Received a gift from Kikubaaqudgha
  7036 | D:5      | Identified Kikubaaqudgha's Collected Works on Darkness (Kikubaaqudgha gifted it to you on level 5 of the Dungeon)
  7336 | D:6      | Found a white marble altar of Elyvilon.
  7377 | D:6      | Reached skill level 9 in Necromancy
  8099 | D:5      | Reached XP level 8. HP: 18/52 MP: 12/12
  8345 | D:5      | Shot with an arrow by a centaur

Vault maps used:
D:1:      dpeg_chamrin_arrival_tetris, serial_forest,
          infiniplex_forest_straight_4, infiniplex_forest_lined_corner,
          infiniplex_forest_end_3, infiniplex_forest_lined_3,
          infiniplex_forest_clump_double, infiniplex_forest_lined_room_3,
          infiniplex_forest_straight_3, infiniplex_forest_pool,
          infiniplex_forest_clump_C, minmay_cupped
D:2:      nicolae_overflow_crystal_walls, lemuel_round_altar
D:4:      grunt_temple_overflow_open, temple_statues, sigmund_edmund_badplayer,
          uniq_natasha
D:5:      first_bread, serial_shops, kennysheep_little_box, uniq_sigmund
D:6:      elyvilon_altar_4, serial_undead, serial_undead_c, serial_undead_a,
          serial_undead_a, serial_undead_f
Temple:   triangle_lava_temple_11

Action                   |  1- 3 |  4- 6 |  7- 9 || total
-------------------------+-------+-------+-------++-------
Melee: Short sword       |    25 |    54 |   114 ||   193
 Cast: Pain              |   108 |   124 |    59 ||   291
       Vampiric Draining |       |     7 |     9 ||    16
       Control Undead    |       |       |     1 ||     1
Invok: Receive Corpses   |       |       |     1 ||     1
  Use: Scroll            |       |     1 |     1 ||     2
